 Dungeon Crawl Stone Soup version 0.20.1 (webtiles) character file.

464730 sonicboom the Brawler (level 23, 0/244 HPs)
             Began as a Troll Hunter on July 1, 2017.
             Was a High Priest of Okawaru.
             Slain by a deep troll earth mage (7 damage)
             ... on level 4 of the Depths on July 2, 2017.
             The game lasted 02:34:30 (40645 turns).

sonicboom the Brawler (Troll Hunter)               Turns: 40645, Time: 02:34:31

Health: 0/244      AC: 35    Str: 26    XL:     23   Next: 13%
Magic:  22/24      EV: 16    Int:  7    God:    Okawaru [*****.]
Gold:   4688       SH: 33    Dex: 26    Spells: 21/22 levels left

rFire    + + .     SeeInvis .     - Unarmed
rCold    + + +     Gourm    +   m - +2 large shield {rC+}
rNeg     + + +     Faith    .   Q - +5 gold dragon scales of the Moon {rPois rF+ rC+ rN+ rCorr Dex+3}
rPois    +         Spirit   .   d - +2 hat {MR+}
rElec    +         Reflect  +   T - +1 cloak "Dec Usau" {rElec rN+}
rCorr    +         Harm     .   (gloves unavailable)
MR       ++++.                  (boots unavailable)
Stlth    ..........             p - +6 amulet of reflection
Regen    0.9/turn               h - ring "Ziowips" {rC+ MR+}
MPRegen  0.2/turn               Y - ring "Hacziezal" {*Drain rF+ rN+ MR+ Dex+4}

@: heroism, very slightly contaminated, invisible
A: unfitting armour, claws 3, hooves 1, agile 1, fast metabolism 3, gourmand,
regeneration 1, shaggy fur 1, tough skin 2
}: 3/15 runes: barnacled, silver, gossamer
a: Heroism, Finesse, Renounce Religion


You were on level 4 of the Depths.
You worshipped Okawaru.
Okawaru was extremely pleased with you.
You were not hungry.

You visited 8 branches of the dungeon, and saw 42 of its levels.
You visited the Abyss 1 time.
You also visited: Volcano.

You collected 4948 gold pieces.
You spent 260 gold pieces at shops.

Inventory:

Missiles
 c - 87 large rocks (quivered)
Armour
 d - a +2 hat of magic resistance (worn)
 m - a +2 large shield of cold resistance (worn)
 s - a scarf of resistance
 Q - the +5 gold dragon scales of the Moon (worn) {rPois rF+ rC+ rN+ rCorr Dex+3}
   (You found it on level 15 of the Dungeon)

   It affects your dexterity (+3).
   It protects you from fire.
   It protects you from cold.
   It protects you from poison.
   It protects you from negative energy.
   It protects you from acid and corrosion.
 T - the +1 cloak "Dec Usau" (worn) {rElec rN+}
   (Okawaru gifted it to you on level 6 of the Lair of Beasts)

   It insulates you from electricity.
   It protects you from negative energy.
Jewellery
 b - a +3 ring of dexterity {unknown}
 h - the ring "Ziowips" (left claw) {rC+ MR+}
   (You found it on level 15 of the Dungeon)

   [ring of protection from magic]

   It protects you from cold.
   It affects your resistance to hostile enchantments.
 l - an uncursed ring of protection from magic
 p - a +6 amulet of reflection (around neck)
 D - an uncursed ring of see invisible
 H - an uncursed ring of flight
 L - an uncursed amulet of guardian spirit {unknown}
 W - an uncursed amulet of harm {unknown}
 X - a +2 ring of evasion
 Y - the ring "Hacziezal" (right claw) {*Drain rF+ rN+ MR+ Dex+4}
   (You found it on level 15 of the Dungeon)

   [ring of protection from magic]

   It affects your dexterity (+4).
   It protects you from fire.
   It protects you from negative energy.
   It affects your resistance to hostile enchantments.
   It causes draining when unequipped.
 Z - the ring of Starshine {rC+ rN+ Int+6}
   (You found it on level 15 of the Dungeon)

   [ring of protection from cold]

   It affects your intelligence (+6).
   It protects you from cold.
   It protects you from negative energy.
Wands
 j - a wand of random effects (28/48)
 t - a wand of acid (9/15)
 v - a wand of disintegration (9/24)
 x - a wand of enslavement (7/24)
 K - a wand of acid (7/15)
 M - a wand of digging (4/24)
 N - a wand of lightning (4/15)
 O - a wand of digging (6/24)
 S - a wand of scattershot (5/9)
Scrolls
 a - a scroll of blinking
 g - a scroll of holy word
 o - 8 scrolls of recharging
 r - 20 scrolls of remove curse
 u - 3 scrolls of fear
 y - 8 scrolls of teleportation
 z - 2 scrolls of silence
 E - 2 scrolls of magic mapping
 I - 11 scrolls of fog
 U - 10 scrolls of identify
Potions
 e - 2 potions of curing
 k - 5 potions of flight
 w - 2 potions of magic
 A - 3 potions of invisibility
 B - 5 potions of might
 G - 3 potions of brilliance
 J - 4 potions of haste
 P - 2 potions of resistance
 R - 3 potions of ambrosia
Comestibles
 f - 9 bread rations
 i - 31 fruits
 n - 21 royal jellies
 q - 17 meat rations


   Skills:
 + Level 17.6(22.6) Fighting
 - Level 3.6(8.6) Throwing
 - Level 14.4(19.4) Armour
 - Level 13.1(18.1) Dodging
 - Level 0.3(5.3) Stealth
 - Level 16.6(21.6) Shields
 - Level 20.2(25.2) Unarmed Combat
 - Level 3.1 Invocations


You had 21 spell levels left.
You knew the following spells:

 Your Spells              Type           Power        Failure   Level  Hunger
a - Beastly Appendage     Tmut           #.....       100%        1    ##.....


Dungeon Overview and Level Annotations

Branches:
Dungeon (15/15)            Temple (1/1) D:4            Lair (6/6) D:8
 Shoals (4/4) Lair:4       Spider (4/4) Lair:4        Slime (0/5) Lair:6
    Orc (2/2) D:12            Elf (0/3) Orc:2        Vaults (5/5) D:13
  Crypt (0/3) Vaults:2     Depths (5/5) D:15
    Zot: Depths:5

Altars:
Ashenzari
Cheibriados
Dithmenos
Elyvilon
Fedhas
Gozag
Hepliaklqana
Kikubaaqudgha
Makhleb
Nemelex Xobeh
Okawaru
Qazlal
Ru
Sif Muna
Trog
Uskayaw
Vehumet
Xom
Yredelemnul
Zin
The Shining One
Beogh
Jiyva

Shops:
D:4 !   D:5 }   D:8 (   Orc:2 (?!}   Vaults:5 }   Depths:1 %

Portals:
Hell: Depths:1 Depths:2 Depths:4

Annotations:
Depths:4 Wanze's ghost, veteran DrHu


Innate Abilities, Weirdness & Mutations

You are too large for most types of armour.
You have claws for hands.
Your metabolism is lightning-fast.
You like to eat raw meat.
Your natural rate of healing is unusually fast.
You are covered in fur. (AC +1)
You have very tough skin. (AC +2)
You have large cloven feet.
You are agile. (Dex +2)


Message History

The deep troll shaman calls upon its god to speed up something.
The deep troll earth mage bites you!
* * * LOW HITPOINT WARNING * * *
You block the deep troll earth mage's attack. x2
You block the deep troll shaman's attack.
The deep troll shaman claws you!
* * * LOW HITPOINT WARNING * * *
You block the deep troll shaman's attack.
A deep troll earth mage comes into view.
You feel better.
The deep troll earth mage shouts!
You block the deep troll earth mage's attack. x3
The deep troll shaman bites you but does no damage.
You block the deep troll shaman's attack.
The deep troll shaman claws you!
* * * LOW HITPOINT WARNING * * *
The deep troll earth mage bites you but does no damage.
You block the deep troll earth mage's attack.
The deep troll earth mage claws you!
You die...

... ............... ...
.T............. ...
.T............. ...
............... ...
............... ...
............# .......
......WT...### ........
.......@T..##. .......
##..)..........###......
...............#........
........................
........................
........................
.................>......
.......##.###...........
##(#........


You could see 2 deep troll earth magi, 2 deep troll shamans and Wanze's ghost.

Vanquished Creatures
  An ancient lich (Vaults:5)
  3 golden dragons
  Jory (Depths:5)
  A bone dragon (Abyss:4)
  2 tentacled monstrosities (Vaults:5)
  4 liches
  A quicksilver dragon (Vaults:5)
  5 titans (Vaults:5)
  The ghost of panicbit the Severer, an adept MiFi of Okawaru (Spider:4)
  4 sphinxes
  6 storm dragons
  The ghost of panicbit the Severer, an adept MiFi of Okawaru (Spider:3)
  The ghost of appiemonkey the Slingshot, an adept HaHu of Okawaru (Shoals:2)
  2 shadow dragons (Vaults:5)
  A revenant (Abyss:5)
  3 tengu reavers
  2 tentacled starspawn
  Aizul (Vaults:2)
  3 frost giants
  7 fire giants
  5 deep elf sorcerers
  17 vault wardens
  A balrug (Abyss:5)
  3 orc warlords
  6 emperor scorpions (Spider:4)
  A cacodemon (Abyss:5)
  6 ghost moths
  An angel (Abyss:4)
  A ghoul (Depths:1)
  15 ironheart preservers
  6 war gargoyles
  15 stone giants
  A stone giant (shapeshifter) (Vaults:5)
  9 very ugly things
  An ophan (Abyss:4)
  The ghost of polve the Grappler, a journeyman TrFi of Qazlal (Lair:5)
  11 entropy weavers
  A vampire knight (Depths:5)
  A deep elf demonologist (Vaults:5)
  4 deep elf annihilators
  3 spark wasps
  9 ettins
  A deep elf death mage (Vaults:5)
  6 merfolk impalers
  A minotaur (Depths:1)
  A merfolk javelineer (Shoals:4)
  4 rakshasas
  3 deep elf high priests (Vaults:5)
  4 fire dragons
  5 yaktaur captains
  38 vault guards
  A spriggan air mage (Depths:1)
  10 hydras
  A naga warrior (Depths:1)
  4 ice dragons
  6 great orbs of eyes
  41 two-headed ogres
  Erolcha (Orc:2)
  2 merfolk avatars
  6 death knights
  10 centaur warriors
  A satyr (Abyss:4)
  A merfolk aquamancer (Shoals:4)
  3 deep troll earth magi
  5 death yaks (Lair:5)
  15 ogre magi
  2 hell hogs (Abyss:4)
  9 thrashing horrors (Abyss:4)
  5 tengu warriors
  A vampire mage (Depths:1)
  9 deep troll shamans
  A spriggan berserker (Depths:1)
  Sonja (D:15)
  5 orc high priests
  2 sun demons
  4 shadow wraiths
  A fire crab (D:13)
  An iron troll (Depths:5)
  4 deep elf knights
  2 sixfirhies (Abyss:5)
  6 wretched stars
  3 spriggans
  A hell knight (Volcano)
  5 sea snakes
  5 skeletal warriors
  A salamander mystic (Depths:1)
  A glowing orange brain (Vaults:1)
  A flayed ghost (Vaults:5)
  A swamp dragon (Abyss:4)
  3 unseen horrors
  3 deep elf archers
  A swamp dragon (shapeshifter) (Vaults:5)
  7 wizards
  A kraken simulacrum (Shoals:4)
  18 ironbrand convokers
  18 deep trolls
  11 phantasmal warriors
  16 deep elf magi
  27 harpies
  Pikel (D:7)
  4 necromancers
  5 fauns
  14 orc knights
  12 orc sorcerers
  A cyclops (shapeshifter) (Vaults:5)
  5 manticores
  12 orb spiders
  29 ugly things
  8 cyclopes
  31 wolf spiders
  A moth of wrath (Spider:4)
  2 water nymphs (Shoals:3)
  A stone giant skeleton (Vaults:2)
  A worldbinder (Abyss:5)
  5 merfolk sirens
  9 large abominations
  15 vault sentinels
  A guardian serpent (shapeshifter) (Vaults:3)
  A moth of wrath (shapeshifter) (Abyss:4)
  8 elephants (Lair:6)
  A frost giant skeleton (Vaults:1)
  A dire elephant zombie (Abyss:5)
  3 fire giant skeletons (Vaults:2)
  6 black mambas
  A guardian serpent (Depths:1)
  6 smoke demons
  Joseph (D:9)
  A molten gargoyle (Volcano)
  4 gargoyles
  A naga mage (Depths:1)
  An orange demon (Abyss:4)
  30 spiny frogs
  A torpor snail (Spider:3)
  2 rime drakes
  2 orc skeletons (Vaults:2)
  A spectral swamp worm (Depths:5)
  18 demonic crawlers
  19 yaktaurs
  2 kobold demonologists (D:15)
  6 freezing wraiths
  A tormentor (Abyss:5)
  2 efreet
  8 komodo dragons
  3 ancient zymes
  A hellwing (Abyss:4)
  7 human skeletons (Vaults:2)
  A troll (shapeshifter) (Depths:1)
  A red devil (Volcano)
  2 tengu conjurers
  35 jumping spiders
  2 wind drakes
  14 merfolk
  4 trolls
  2 meliai (shapeshifter)
  A hornet (shapeshifter) (Depths:2)
  A polar bear (Lair:5)
  A polar bear (shapeshifter) (D:14)
  The ghost of Pong the Poker, an amateur MfGl of Okawaru (D:4)
  4 tyrant leeches (Lair:6)
  6 raiju
  A fire dragon zombie (Depths:1)
  9 hornets
  A blink frog (shapeshifter) (Vaults:5)
  Prince Ribbit (D:7)
  12 dream sheep
  19 blink frogs
  2 snapping turtles
  10 hippogriffs
  Grinder (D:5)
  28 slime creatures
  A spriggan skeleton (Depths:1)
  3 ynoxinuls (Abyss:4)
  An ice dragon skeleton (Depths:1)
  108 redbacks
  15 tarantellas
  2 centaur simulacra (D:15)
  5 water elementals
  3 air elementals (Depths:1)
  34 yaks
  2 basilisks
  5 wraiths
  2 shadows
  A wyvern (shapeshifter) (Depths:1)
  7 fire bats
  A neqoxec (Abyss:4)
  6 vampires
  2 ettin skeletons (Vaults:2)
  Grum (D:9)
  4 wyverns
  2 golden eyes (shapeshifter)
  2 hungry ghosts
  A golden eye (Abyss:4)
  A chaos spawn (Abyss:4)
  A steam dragon (D:8)
  7 vampire mosquitoes
  Menkaure (D:7)
  An acid dragon (D:13)
  4 wargs
  11 water moccasins
  3 floating eyes
  2 hell hounds
  A water moccasin (shapeshifter) (Vaults:5)
  A deep troll skeleton (Vaults:2)
  5 porcupines
  A hydra simulacrum (Abyss:4)
  4 ice beasts
  30 orc warriors
  2 orc zombies (Vaults:1)
  2 elf zombies
  A phantom (D:11)
  6 sky beasts
  2 slaves (D:7)
  A black bear (D:9)
  32 ogres
  3 eyes of draining
  A human zombie (Vaults:1)
  A spiny frog skeleton (Abyss:4)
  2 boggarts (D:15)
  16 wolves
  15 centaurs
  A small abomination (Abyss:4)
  11 crocodiles
  5 big kobolds (D:15)
  19 bullfrogs
  A deep troll simulacrum (Vaults:3)
  Blork the orc (D:5)
  A water moccasin zombie (D:8)
  A glowing shapeshifter simulacrum (Vaults:1)
  A wyvern zombie (D:14)
  4 scorpions
  6 killer bees (D:7)
  12 wights
  A tengu skeleton (Depths:1)
  4 electric eels
  A howler monkey (D:14)
  4 lava snakes
  6 crimson imps
  6 centaur zombies
  4 starcursed masses (Vaults:1)
  A quasit (D:10)
  A bullfrog skeleton (D:6)
  A bullfrog zombie (D:9)
  11 centaur skeletons
  4 hounds
  18 orc priests
  8 jellies
  4 iguanas
  9 worker ants
  40 orc wizards
  A hound zombie (D:6)
  11 gnolls
  2 howler monkey skeletons
  A worker ant zombie (D:9)
  9 adders
  3 shadow imps
  19 oozes
  An adder zombie (D:6)
  An adder skeleton (D:6)
  5 worms
  8 dart slugs
  4 leopard geckos
  90 orcs
  9 bats
  6 giant cockroaches
  14 goblins
  7 hobgoblins
  12 jackals
  5 quokkas
  3 ball pythons
  4 frilled lizards
  17 kobolds
  A leopard gecko skeleton (D:5)
  9 rats
  2 plants (Lair:6)
  5 starspawn tentacles
1768 creatures vanquished.

Vanquished Creatures (collateral kills)
  A merfolk impaler (Shoals:3)
1 creature vanquished.

Vanquished Creatures (others)
  A stone giant (Depths:4)
  Nessos (D:15)
  A merfolk javelineer (Shoals:4)
  An ogre mage (Vaults:2)
  2 yaktaur captains (Vaults:4)
  A thrashing horror (Abyss:4)
  A deep elf knight (Vaults:1)
  A faun (Shoals:1)
  2 cyclopes (Shoals:3)
  4 yaktaurs
  4 dream sheep (Lair:6)
  An orc warrior (Orc:2)
  A slave (D:7)
  2 boggarts (D:15)
  2 centaurs (D:15)
  An orc wizard (D:7)
  A white imp (Abyss:4)
  2 orcs
  A leopard gecko zombie (D:7)
  A bush (Lair:2)
  7 fungi
  46 plants
  6 starspawn tentacles
  4 tentacles (Shoals:4)
  7 toadstools (D:2)
101 creatures vanquished.

Grand Total: 1870 creatures vanquished

Notes
Turn   | Place    | Note
-------+----------+-------------------------------------------
     0 | D:1      | sonicboom the Troll Hunter began the quest for the Orb.
     0 | D:1      | Reached XP level 1. HP: 19/19 MP: 0/0
    12 | D:1      | Reached skill level 1 in Unarmed Combat
    26 | D:1      | Reached XP level 2. HP: 27/27 MP: 1/1
   297 | D:1      | Reached skill level 2 in Unarmed Combat
   728 | D:1      | Reached XP level 3. HP: 28/33 MP: 2/2
   997 | D:1      | Reached skill level 3 in Unarmed Combat
  1605 | D:2      | Reached XP level 4. HP: 34/41 MP: 3/3
  1810 | D:2      | Reached skill level 4 in Unarmed Combat
  1833 | D:2      | Reached XP level 5. HP: 48/48 MP: 4/4
  2005 | D:2      | Reached skill level 5 in Unarmed Combat
  2412 | D:3      | Found a sacrificial altar of Ru.
  2792 | D:3      | Reached skill level 6 in Unarmed Combat
  2792 | D:3      | Reached XP level 6. HP: 35/55 MP: 5/5
  3550 | D:4      | Noticed Pong's ghost (amateur MfGl)
  3780 | D:4      | Found a staircase to the Ecumenical Temple.
  3789 | Temple   | Entered the Ecumenical Temple
  3822 | Temple   | Became a worshipper of Warmaster Okawaru
  3935 | D:4      | Found a basalt altar of Yredelemnul.
  3961 | D:4      | Found Dasirhod's Distillery.
  3964 | D:4      | Bought a potion of heal wounds for 50 gold pieces
  3964 | D:4      | Bought a potion of curing for 30 gold pieces
  3964 | D:4      | Bought a potion of ambrosia for 80 gold pieces
  4092 | D:4      | Reached skill level 7 in Unarmed Combat
  4103 | D:4      | Found a burning altar of Makhleb.
  4489 | D:4      | Killed Pong's ghost
  4489 | D:4      | Reached * piety under Okawaru
  4489 | D:4      | Reached XP level 7. HP: 30/66 MP: 6/6
  4753 | D:5      | Entered Level 5 of the Dungeon
  4897 | D:5      | Reached ** piety under Okawaru
  4897 | D:5      | Reached skill level 8 in Unarmed Combat
  4897 | D:5      | Reached XP level 8. HP: 65/78 MP: 7/7
  4936 | D:5      | Found Loenu's Gadget Emporium.
  4941 | D:5      | Bought a wand of acid (1/15) for 100 gold pieces
  4975 | D:5      | Noticed Blork the orc
  4979 | D:5      | Killed Blork the orc
  4997 | D:5      | Noticed Grinder
  5007 | D:5      | Killed Grinder
  5071 | D:5      | Found a shadowy altar of Dithmenos.
  5128 | D:5      | Reached skill level 5 in Fighting
  5128 | D:5      | Reached skill level 9 in Unarmed Combat
  5451 | D:6      | Found a shimmering altar of Xom.
  5580 | D:6      | Reached *** piety under Okawaru
  5631 | D:6      | Reached XP level 9. HP: 79/89 MP: 8/8
  5861 | D:7      | Noticed Menkaure
  5883 | D:7      | Reached skill level 10 in Unarmed Combat
  5971 | D:7      | Noticed Pikel
  5999 | D:7      | Killed Pikel
  5999 | D:7      | Reached **** piety under Okawaru
  6036 | D:7      | Noticed Prince Ribbit
  6039 | D:7      | Killed Prince Ribbit
  6056 | D:7      | Killed Menkaure
  6337 | D:7      | Reached skill level 11 in Unarmed Combat
  6566 | D:7      | Reached XP level 10. HP: 57/104 MP: 6/9
  6950 | D:8      | Found Watz's Antique Weapon Shoppe.
  7122 | D:8      | Found an opulent altar of Gozag.
  7124 | D:8      | Found a shattered altar of Ashenzari.
  7124 | D:8      | Found a hide-covered altar of Uskayaw.
  7528 | D:8      | Found a staircase to the Lair.
  8611 | D:9      | Noticed Joseph
  8623 | D:9      | Killed Joseph
  8623 | D:9      | Reached ***** piety under Okawaru
  8784 | D:9      | Reached skill level 12 in Unarmed Combat
  8904 | D:9      | Noticed a two-headed ogre
  8924 | D:9      | Killed a two-headed ogre
  8924 | D:9      | Received a gift from Okawaru
  9208 | D:9      | Noticed Grum
  9222 | D:9      | Killed Grum
  9605 | D:9      | Paralysed by a hornet for 3 turns
  9916 | D:9      | Reached XP level 11. HP: 113/115 MP: 10/10
 10095 | D:10     | Entered Level 10 of the Dungeon
 10662 | D:10     | Noticed a two-headed ogre
 10672 | D:10     | Killed a two-headed ogre
 10975 | Lair:1   | Entered Level 1 of the Lair of Beasts
 11013 | Lair:1   | Reached skill level 13 in Unarmed Combat
 11019 | Lair:1   | Reached skill level 10 in Fighting
 11076 | Lair:1   | Received a gift from Okawaru
 11116 | Lair:1   | Noticed a four-headed hydra
 11136 | Lair:1   | Killed a four-headed hydra
 11313 | Lair:1   | Received a gift from Okawaru
 11406 | Lair:1   | Found a labyrinth entrance.
 11811 | Lair:2   | Noticed an eight-headed hydra
 11842 | Lair:2   | Killed a 12-headed hydra
 12335 | Lair:2   | Noticed a seven-headed hydra
 12346 | Lair:2   | Killed a seven-headed hydra
 12665 | Lair:3   | Reached XP level 12. HP: 115/128 MP: 9/11
 12816 | Lair:3   | Reached skill level 5 in Dodging
 12915 | Lair:3   | Reached skill level 1 in Invocations
 13873 | Lair:4   | Found a deep blue altar of Sif Muna.
 13985 | Lair:4   | Found a staircase to the Shoals.
 14143 | Lair:4   | Found a hole to the Spider Nest.
 14639 | Lair:5   | Noticed polve's ghost (journeyman TrFi)
 14658 | Lair:5   | Noticed a six-headed hydra
 14661 | Lair:5   | Received a gift from Okawaru
 14687 | Lair:6   | Entered Level 6 of the Lair of Beasts
 14868 | Lair:6   | Found a runed door.
 14868 | Lair:6   | Found a viscous altar of Jiyva.
 14872 | Lair:6   | Found a staircase to the Slime Pits.
 14947 | Lair:6   | Received a gift from Okawaru
 14974 | Lair:6   | Got a spiked cloak {god gift}
 14985 | Lair:6   | Identified the +1 cloak "Dec Usau" {rElec rN+} (Okawaru gifted it to you on level 6 of the Lair of Beasts)
 15155 | Lair:6   | Reached XP level 13. HP: 73/136 MP: 10/14
 15343 | Lair:6   | Reached skill level 10 in Dodging
 15546 | Lair:6   | Found a shimmering altar of Xom.
 15740 | Lair:6   | Received a gift from Okawaru
 16081 | Lair:6   | Received a gift from Okawaru
 16532 | Lair:5   | Reached XP level 14. HP: 140/144 MP: 13/15
 16663 | Lair:5   | Killed polve's ghost
 16663 | Lair:5   | Received a gift from Okawaru
 16810 | Lair:5   | Learned a level 1 spell: Beastly Appendage
 17737 | D:11     | Reached skill level 14 in Unarmed Combat
 17789 | D:11     | Got a pitted tin ring
 17790 | D:11     | Identified the ring of Creativity {Str+2 Stlth-} (You found it on level 11 of the Dungeon)
 18786 | D:12     | Found a staircase to the Orcish Mines.
 19026 | D:13     | Found a runed door.
 19027 | D:13     | Noticed a storm dragon
 19029 | D:13     | Noticed a war gargoyle
 19102 | D:13     | Killed a war gargoyle
 19114 | D:13     | Killed a storm dragon
 19114 | D:13     | Received a gift from Okawaru
 19635 | D:13     | Reached skill level 15 in Unarmed Combat
 19746 | D:13     | Found a gate to the Vaults.
 20715 | D:14     | Received a gift from Okawaru
 20963 | D:14     | Reached XP level 15. HP: 157/157 MP: 16/16
 21175 | D:15     | Entered Level 15 of the Dungeon
 21212 | D:15     | Noticed Nessos
 21261 | D:15     | Received a gift from Okawaru
 21325 | D:15     | Paralysed by a floating eye for 4 turns
 21345 | D:15     | Found a sparkling altar of Nemelex Xobeh.
 21438 | D:15     | Reached skill level 1 in Shields
 21450 | D:15     | Got a slimy copper ring
 21454 | D:15     | Identified the ring "Hacziezal" {*Drain rF+ rN+ MR+ Dex+4} (You found it on level 15 of the Dungeon)
 21474 | D:15     | Paralysed by a great orb of eyes for 5 turns
 21549 | D:15     | Received a gift from Okawaru
 21550 | D:15     | Noticed Sonja
 21556 | D:15     | Killed Sonja
 21650 | D:15     | Received a gift from Okawaru
 21650 | D:15     | Reached skill level 5 in Shields
 21705 | D:15     | Paralysed by a floating eye for 3 turns
 21844 | D:15     | Killed Nessos
 22017 | D:15     | Got a scorched bronze ring
 22164 | D:15     | Got a crude amber ring
 22337 | D:15     | Identified the ring of Starshine {rC+ rN+ Int+6} (You found it on level 15 of the Dungeon)
 22339 | D:15     | Identified the ring of Tacalout {Str+6 Stlth+} (You took it off a wight on level 15 of the Dungeon)
 22393 | D:15     | Found a staircase to the Depths.
 22444 | D:15     | Noticed a fire giant
 22453 | D:15     | Killed a fire giant
 22476 | D:15     | Found a snail-covered altar of Cheibriados.
 22555 | D:15     | Received a gift from Okawaru
 22569 | D:15     | Got jacinth-encrusted gold dragon scales
 22580 | D:15     | Identified the +5 gold dragon scales of the Moon {rPois rF+ rC+ rN+ rCorr Dex+3} (You found it on level 15 of the Dungeon)
 22647 | D:15     | Reached skill level 1 in Armour
 22712 | D:15     | Got a wavering glass ring
 22714 | D:15     | Identified the ring "Ziowips" {rC+ MR+} (You found it on level 15 of the Dungeon)
 22735 | D:15     | Found a basalt altar of Yredelemnul.
 22772 | D:15     | Reached XP level 16. HP: 167/167 MP: 17/17
 22790 | D:15     | Received a gift from Okawaru
 23260 | Orc:1    | Entered Level 1 of the Orcish Mines
 23260 | Orc:1    | Found a roughly hewn altar of Beogh.
 23288 | Orc:1    | Found a dark tunnel.
 23314 | Volcano  | Entered a volcano
 23376 | Volcano  | Found a radiant altar of Vehumet.
 23649 | Orc:2    | Entered Level 2 of the Orcish Mines
 23705 | Orc:2    | Reached skill level 5 in Armour
 23957 | Orc:2    | Found a staircase to the Elven Halls.
 24271 | Orc:2    | Noticed Erolcha
 24281 | Orc:2    | Killed Erolcha
 24361 | Orc:2    | Found Fompopn's Antique Weapon Shop.
 24405 | Orc:2    | Found Wisecs's Distillery.
 24428 | Orc:2    | Found a radiant altar of Vehumet.
 24492 | Orc:2    | Found a roughly hewn altar of Beogh.
 24492 | Orc:2    | Found Rownax's Gadget Shop.
 24493 | Orc:2    | Found Puibariun's Magic Scroll Boutique.
 24589 | Orc:2    | Found an ancient bone altar of Kikubaaqudgha.
 24775 | D:12     | Upgraded the game from 0.20.0-15-g7f486f2 to 0.20.1
 25010 | Spider:1 | Entered Level 1 of the Spider Nest
 25040 | Spider:1 | Received a gift from Okawaru
 25053 | Spider:1 | Got an iridescent demon trident {god gift}
 25054 | Spider:1 | Identified the +6 demon trident of Tiergh {freeze, rF- Dex+4} (Okawaru gifted it to you on level 1 of the Spider Nest)
 25726 | Spider:1 | Received a gift from Okawaru
 26616 | Spider:2 | Reached skill level 10 in Armour
 26855 | Spider:2 | Received a gift from Okawaru
 26922 | Spider:2 | Reached XP level 17. HP: 134/175 MP: 0/18
 27174 | Spider:3 | Noticed panicbit's ghost (adept MiFi)
 27201 | Spider:3 | Killed panicbit's ghost
 27961 | Spider:4 | Entered Level 4 of the Spider Nest
 27966 | Spider:4 | Noticed panicbit's ghost (adept MiFi)
 27983 | Spider:4 | Killed panicbit's ghost
 28773 | Spider:4 | Received a gift from Okawaru
 29047 | Spider:4 | Got a gossamer rune of Zot
 29593 | Shoals:1 | Entered Level 1 of the Shoals
 29827 | Shoals:1 | Reached XP level 18. HP: 155/183 MP: 17/19
 30244 | Shoals:2 | Noticed appiemonkey's ghost (adept HaHu)
 30252 | Shoals:2 | Reached skill level 16 in Unarmed Combat
 30789 | Shoals:3 | Received a gift from Okawaru
 30864 | Shoals:4 | Entered Level 4 of the Shoals
 30971 | Shoals:4 | Got a barnacled rune of Zot
 31086 | Shoals:3 | Reached skill level 17 in Unarmed Combat
 31107 | Shoals:2 | Killed appiemonkey's ghost
 31468 | Vaults:1 | Entered Level 1 of the Vaults
 31601 | Vaults:1 | Received a gift from Okawaru
 31859 | Vaults:1 | Cast into level 3 of the Abyss (a deep elf sorcerer)
 31954 | Abyss:4  | Reached skill level 18 in Unarmed Combat
 31961 | Abyss:4  | Found a corrupted altar of Lugonu.
 31988 | Abyss:4  | Noticed a lich
 31998 | Abyss:4  | Killed a lich
 32080 | Abyss:4  | Noticed a bone dragon
 32099 | Abyss:4  | Killed a bone dragon
 32214 | Abyss:4  | Reached XP level 19. HP: 191/191 MP: 17/20
 32363 | Abyss:4  | Found a corrupted altar of Lugonu.
 32458 | Abyss:4  | Gained mutation: You are frail. (-10% HP) [a neqoxec]
 32459 | Abyss:4  | Gained mutation: You are occasionally teleported next to monsters. [a neqoxec]
 32471 | Abyss:4  | Reached skill level 19 in Unarmed Combat
 32492 | Abyss:5  | Entered Level 5 of the Abyss
 32503 | Abyss:5  | Identified a scroll of acquirement
 32612 | Abyss:5  | HP: 5/256 [something (9)]
 32713 | Vaults:1 | Escaped the Abyss
 32716 | Vaults:1 | HP: 8/171 [starcursed mass/accursed screaming (5)]
 33167 | Vaults:1 | Received a gift from Okawaru
 33167 | Vaults:1 | Reached skill level 20 in Unarmed Combat
 33576 | Vaults:1 | Reached skill level 10 in Shields
 33927 | D:15     | Lost mutation: You are occasionally teleported next to monsters. [potion of mutation]
 33927 | D:15     | Lost mutation: You are frail. (-10% HP) [potion of mutation]
 33927 | D:15     | Gained mutation: You are agile. (Dex +2) [potion of mutation]
 33927 | D:15     | Gained mutation: You have large cloven feet. [potion of mutation]
 34100 | Vaults:2 | Noticed Aizul
 34124 | Vaults:2 | Killed Aizul
 34237 | Vaults:2 | Reached XP level 20. HP: 114/200 MP: 19/21
 34724 | Vaults:2 | Received a gift from Okawaru
 34731 | Vaults:2 | Found a staircase to the Crypt.
 35010 | Vaults:2 | Received a gift from Okawaru
 36048 | Vaults:3 | Reached ****** piety under Okawaru
 36182 | Vaults:3 | Received a gift from Okawaru
 37163 | Vaults:4 | Reached XP level 21. HP: 208/208 MP: 22/22
 37356 | Vaults:5 | Entered Level 5 of the Vaults
 37366 | Vaults:4 | Reached skill level 15 in Shields
 37392 | Vaults:4 | Received a gift from Okawaru
 37478 | Vaults:5 | Noticed a golden dragon
 37518 | Vaults:5 | Killed a golden dragon
 37921 | Vaults:5 | Received a gift from Okawaru
 38242 | Vaults:5 | Found Weceh's Gadget Boutique.
 38341 | Vaults:5 | Killed an ancient lich
 38471 | Vaults:5 | Reached XP level 22. HP: 218/223 MP: 20/23
 38535 | Vaults:5 | Noticed a golden dragon
 38737 | Vaults:5 | Reached skill level 15 in Fighting
 38754 | Vaults:5 | Received a gift from Okawaru
 38768 | Vaults:5 | Got an encrusted cloak
 38777 | Vaults:5 | Killed a golden dragon
 38881 | Vaults:5 | Got a silver rune of Zot
 38904 | Vaults:5 | Identified the +0 cloak "Goitox" {rN+ Int+4} (You acquired it on level 5 of the Vaults)
 39211 | Depths:1 | Entered Level 1 of the Depths
 39312 | Depths:1 | Found Assesy's Food Shoppe.
 39432 | Depths:1 | Found a gateway to Hell.
 39501 | Depths:1 | Identified the Incunabulum of Changing and Combat Magic
 39694 | Depths:1 | Received a gift from Okawaru
 40075 | Depths:2 | Reached XP level 23. HP: 200/243 MP: 22/24
 40113 | Depths:4 | Paralysed by a floating eye for 3 turns
 40493 | Depths:5 | Entered Level 5 of the Depths
 40544 | Depths:5 | Noticed Jory
 40553 | Depths:5 | Killed Jory
 40641 | Depths:4 | Noticed Wanze's ghost (veteran DrHu)
 40644 | Depths:4 | HP: 9/244 [deep troll shaman (7)]
 40645 | Depths:4 | Slain by a deep troll earth mage

Skill      XL: |  1  2  3  4  5  6  7  8  9 10 11 12 13 14 15 16 17 18 19 20 21 22 |
---------------+-------------------------------------------------------------------+-----
Unarmed Combat | 1 2 3 4 6 7 8 9 11 12 13 15 18 20 | 20.2
Fighting       | 2 3 5 7 9 10 12 14 17 | 17.6
Dodging        | 3 9 12 13 | 13.1
Invocations    | 3 |  3.1
Shields        | 8 11 14 16 | 16.6
Armour         | 2 10 14 | 14.4
Throwing       | |  3.6
Stealth        | |  0.3

Action                   |  1- 3 |  4- 6 |  7- 9 | 10-12 | 13-15 | 16-18 | 19-21 | 22-24 || total
-------------------------+-------+-------+-------+-------+-------+-------+-------+-------++-------
Melee: Unarmed           |    96 |   231 |   252 |   579 |  1051 |  1900 |  1666 |   620 ||  6395
       Short sword       |     5 |       |       |       |       |       |       |       ||     5
       Punch             |       |     5 |    13 |    45 |    70 |       |       |       ||   133
       Kick              |       |       |       |       |       |       |   664 |   348 ||  1012
Throw: Large rock        |       |     7 |     6 |    14 |    23 |    23 |     1 |       ||    74
Invok: Heroism           |       |       |     6 |    39 |    71 |    74 |    38 |    18 ||   246
       Finesse           |       |       |       |       |     5 |     8 |     7 |     1 ||    21
 Abil: Evoke Flight      |       |       |       |       |       |     6 |       |       ||     6
Evoke: Wand              |       |       |       |     5 |     1 |     3 |       |       ||     9
  Use: Scroll            |       |     9 |     4 |    13 |    17 |    13 |     7 |     4 ||    67
       Potion            |       |     5 |     5 |     2 |     9 |    13 |    13 |     3 ||    50
 Stab: Sleeping          |     2 |     1 |       |     2 |     1 |       |       |       ||     6
       Paralysed         |       |       |       |     1 |       |       |       |       ||     1
       Invisible         |       |       |       |       |     3 |       |       |       ||     3
       Fleeing           |       |       |       |       |     1 |       |       |       ||     1
  Eat: Chunk             |    16 |    30 |    18 |    80 |    63 |    52 |    33 |     3 ||   295
       Bread ration      |       |       |       |     1 |       |     7 |     4 |     4 ||    16
       Fruit             |       |       |       |       |       |     1 |       |       ||     1
       Meat ration       |       |       |       |       |       |       |     1 |       ||     1
Armor: Robe              |    33 |    78 |    87 |   164 |   262 |       |       |       ||   624
       Gold dragon scale |       |       |       |       |    12 |  1063 |   411 |   236 ||  1722
Dodge: Dodged            |    57 |   106 |   181 |   317 |   807 |   792 |   286 |   151 ||  2697
Block: Shield            |       |       |       |       |   239 |  2058 |   270 |       ||  2567
       Reflection        |       |       |       |       |    20 |    48 |    52 |    61 ||   181
       Other             |       |       |       |       |     4 |       |       |       ||     4
       Large shield      |       |       |       |       |       |       |   944 |   751 ||  1695
